 Dungeon Crawl Stone Soup version 0.31-a0-986-g5e6e4ef867 (webtiles) character file.

Game seed: 16844874589336740808

13 ytrimaz the Changeling (level 2, -1/31 HPs)
             Began as a Merfolk Shapeshifter on Nov 3, 2023.
             Succumbed to a goblin's poison
             ... on level 1 of the Dungeon.
             The game lasted 00:00:30 (190 turns).

ytrimaz the Changeling (Merfolk Shapeshifter)        Turns: 190, Time: 00:00:31

Health: -1/31      AC: 21    Str: 14    XL:     2   Next: 37%
Magic:  2/2        EV:  2    Int:  9    God:
Gold:   15         SH:  0    Dex: 13    Spells: 1/1 levels left

rFire   . .          .
                       - Unarmed
rCold   . . .        (no shield)
rNeg    . . .        a - melded +0 animal skin
rPois   +            (helmet currently unavailable)
rElec   .            (cloak currently unavailable)
rCorr   .            (gloves currently unavailable)
SInv    .            (boots currently unavailable)
Will    .....        (no amulet)
Stlth   +            (no ring)
HPRegen 0.25/turn    (no ring)
MPRegen 0.08/turn

%: no passive effects
@: lethally poisoned (-1 -> -9), tree-form
A: stationary, stasis, torment immunity, boosted hp, (nimble swimmer 2),
(mertail)
a: no special abilities


You were on level 1 of the Dungeon.
You were a tree.
You visited 1 branch of the dungeon, and saw 1 of its levels.

You collected 15 gold pieces.


Innate Abilities, Weirdness & Mutations

You are a tree.
Your roots penetrate the ground, keeping you stationary.
You cannot be teleported.
You are immune to unholy pain and torment.
Your maximum health is greatly increased.
Your equipment is partially melded.
((You are very nimble when in or above water. (Stealth+, EV+, Speed+++)))
((Your lower body shifts to a powerful aquatic tail in water.))


   Skills:
 - Level 1.1 Fighting
 + Level 3.4 Dodging
 - Level 3.2 Unarmed Combat
 + Level 4.4 Shapeshifting


You had one spell level left.
You didn't know any spells.
Your spell library was empty.

Inventory:

Armour
 a - a +0 animal skin (melded)
Talismans
 c - a beast talisman
 d - a flux talisman
Scrolls
 e - a scroll of enchant weapon {unknown}
 f - a scroll of identify {unknown}

Dungeon Overview and Level Annotations

Branches:
Dungeon (1/15) Zot: 5811

Altars:

#. #.####.####..#.... #
#. #...#..#........#.
.##.#.#.?.......###..#...
....... ##..####.........
.....#.##................
.##...>..........>.....##
.......K.##....##......#.
.......g###.#####....###.
.######gā™£.?.# #....#.#.
#####.# ###.##.## #.#
#.##... ### #.##.##
#.##.## #.##... #.##...
#...... #######


You could see a hobgoblin, a goblin and a kobold.


Message History

You kill the goblin!
Things that are here:
a +0 club; a quokka corpse Unknown command.
The frilled lizard misses you.
The frilled lizard closely misses you. šŸ˜® HP[+1]
You barely miss the frilled lizard. The frilled lizard barely misses you.
You hit the frilled lizard.
You kill the frilled lizard!
Unknown command.
Key pressed, stopping explore.
f - a scroll labelled DIASIQ YBBOLLE šŸ˜Ž HP[+10]
Your hp is fully restored (21).
An endoplasm comes into view.
The endoplasm moves out of view.
The endoplasm quivers.
An endoplasm is nearby!
An endoplasm is nearby!
The endoplasm closely misses you.
You barely miss the endoplasm. The endoplasm barely misses you.
You completely miss the endoplasm. The endoplasm freezes you.
You are frozen. šŸ˜• HP[-5]
You take 5 damage, and now have 16/21 hp.
MASSIVE DAMAGE!! (PAUSE)
You barely miss the endoplasm. You punch the endoplasm!
You kill the endoplasm! šŸ˜• HP[+1] Unknown command.
Unknown command.
You now have 15 gold pieces (gained 10).
There is a stone staircase leading down here.
Key pressed, stopping explore.
A jackal comes into view.
Found a stone staircase leading down. šŸ˜Ž HP[+4]
Your hp is fully restored (21).
A jackal is nearby!
A jackal is nearby!
A jackal is nearby!
The jackal barks!
You hear a bark!
A jackal comes into view.
A goblin comes into view. It is wielding a +2 dagger of venom.
The goblin shouts!
The goblin moves out of view.
The jackal closely misses you. The jackal completely misses you.
You hit the jackal.
You kill the jackal!
You hit the jackal. The jackal barely misses you.
A hobgoblin comes into view.
The hobgoblin shouts!
You hit the jackal but do no damage.
You hear a shout!
The jackal completely misses you. The jackal bites you. šŸ˜• HP[-3]
You take 3 damage, and now have 18/21 hp.
You hit the jackal.
The jackal closely misses you. šŸ˜• HP[+1] Unknown command.
You hit the jackal.
You kill the jackal!
The goblin hits you with a +2 dagger of venom.
You are poisoned. šŸ˜® HP[-4]
You take 4 damage, and now have 15/21 hp.
A kobold comes into view. It is wielding a +0 dagger.
You feel very sick. šŸ˜® HP[-3]
You take 3 damage, and now have 12/21 hp.
Unknown command.
Unknown command.
You feel sick. The hobgoblin hits you.
* * * LOW HITPOINT WARNING * * *
šŸ˜Ø HP[-6]
You take 6 damage, and now have 6/21 hp.
MASSIVE DAMAGE!! (PAUSE)
* * * LOW HITPOINT WARNING * * *
You feel sick. The goblin attacks as it pursues you!
The goblin hits you with a +2 dagger of venom.
* * * LOW HITPOINT WARNING * * *
šŸ˜± HP[-5]
You take 5 damage, and now have 1/21 hp.
MASSIVE DAMAGE!! (PAUSE)
Your transformation has ended.
You turn into a tree.
Your +0 animal skin melds into your body.
Your roots penetrate the ground.
* * * LOW HITPOINT WARNING * * *
You feel sick.
You now have 31 max hp (+10).
Unknown command.
You barely miss the hobgoblin. The goblin hits you but does no damage.
You are more poisoned.
The hobgoblin hits you but does no damage.
You closely miss the goblin.
You die...

Skill      XL: |  1 |
---------------+----+-----
Dodging        | 3 |  3.4
Fighting       | |  1.1
Unarmed Combat | |  3.2
Shapeshifting  | |  4.4

Action                     || total
---------------------------++-------
  Melee: Unarmed           ||    25
         Punch             ||     1
    Use: Potion            ||     1
 Armour: Animal skin       ||    10
         Skin              ||     2
  Dodge: Dodged            ||    17

Levels and vault maps discovered:
D:1:      amcnicky_arrival_single_pillar, layout_rooms

Notes
Turn   | Place    | Note
-------+----------+-------------------------------------------
     0 | D:1      | ytrimaz the Merfolk Shapeshifter began the quest for the
                  | Orb.
     0 | D:1      | Reached XP level 1. HP: 15/15 MP: 1/1
     0 | D:1      | magus.rc [v1.9.6]
    65 | D:1      | Reached skill level 3 in Dodging
    78 | D:1      | Reached XP level 2. HP: 9/21 MP: 2/2
   187 | D:1      | HP: 5/21 [poisoned by a goblin]
   187 | D:1      | HP: 1/21 [goblin/+2 dagger of venom (4)]
   190 | D:1      | Succumbed to a goblin's poison

Vanquished Creatures
  2 endoplasms (D:1)
  2 giant cockroaches (D:1)
  A goblin (D:1)
  A hobgoblin (D:1)
  2 jackals (D:1)
  A quokka (D:1)
  A frilled lizard (D:1)
10 creatures vanquished.

Table legend:
 A = Non-vault XP
 B = Vault XP
 C = Vault XP percentage of total XP
 D = Non-vault monster count
 E = Vault monster count
 F = Vault count percentage of total count
                 A         B        C        D         E       F
            +---------+---------+-------+---------+---------+-------
      Total |      19 |       0 |   0.0 |      10 |       0 |   0.0
            +---------+---------+-------+---------+---------+-------
        D:1 |      19 |       0 |   0.0 |      10 |       0 |   0.0
            +---------+---------+-------+---------+---------+-------

Skill      XL: |  1 |
---------------+----+-----
Dodging        | 3 |  3.4
Fighting       | |  1.1
Unarmed Combat | |  3.2
Shapeshifting  | |  4.4

Action                     || total
---------------------------++-------
  Melee: Unarmed           ||    25
         Punch             ||     1
    Use: Potion            ||     1
 Armour: Animal skin       ||    10
         Skin              ||     2
  Dodge: Dodged            ||    17

Illustrated notes

Table legend:
 A = Kills in this place as a percentage of kills in the entire game.
 B = Kills by you in this place as a percentage of kills by you in the entire game.
 C = Kills by friends in this place as a percentage of kills by friends in the entire game.
 D = Other kills in this place as a percentage of other kills in the entire game.
 E = Experience gained in this place as a percentage of experience gained in the entire game.
 F = Experience gained in this place divided by the number of levels of this place that you have seen.
                   A       B       C       D       E      F
               +-------+-------+-------+-------+-------+----------------------
         Total | 100.0 | 100.0 |   N/A |   N/A | 100.0 |  19.0
       Dungeon | 100.0 | 100.0 |   N/A |   N/A | 100.0 |  19.0
               +-------+-------+-------+-------+-------+----------------------

Table legend: (Time is in decaauts)
 A = Elapsed time spent in this place.
 B = Non-inter-level travel time spent in this place.
 C = Inter-level travel time spent in this place.
 D = Time resting spent in this place.
 E = Time spent auto-exploring this place.
 F = Levels seen in this place.
 G = Mean time per level.
                   A        B        C        D        E       F      G
               +--------+--------+--------+--------+--------+-----+--------+
         Total |    188 |    188 |      0 |      0 |    118 |   1 |  188.0 |
       Dungeon |    188 |    188 |      0 |      0 |    118 |   1 |  188.0 |
               +--------+--------+--------+--------+--------+-----+--------+

Top non-repeatable levels by time:
     D:1: 188 daAuts
